 Dungeon Crawl Stone Soup version 0.27-a0-819-g058290f16d (webtiles) character file.

Game seed: 966853269420607156

105 Azzok the Digger (level 4, -3/27 HPs)
             Began as an Octopode Earth Elementalist on Mar 29, 2021.
             Slain by a bullfrog zombie (7 damage)
             ... on level 3 of the Dungeon.
             The game lasted 00:04:55 (2993 turns).

Azzok the Digger (Octopode Earth Elementalist)      Turns: 2993, Time: 00:04:55

Health: -3/27      AC:  1    Str:  7    XL:     4   Next: 81%
Magic:  1/7        EV: 13    Int: 18    God:
Gold:   74         SH:  5    Dex: 12    Spells: 3/7 levels left

rFire    . . .     SeeInvis .   (no weapon)
rCold    . . .     Faith    .   (no shield)
rNeg     . . .     Spirit   .   (helmet restricted)
rPois    .         Reflect  +   d - amulet of reflection
rElec    .         Harm     .   (no ring)
rCorr    .         Rampage  .   (no ring)
Will     .....                  (no ring)
Stlth    +++.......             (no ring)
HPRegen  0.09/turn              (no ring)
MPRegen  0.10/turn              (no ring)
                                (no ring)
                                (no ring)

@: no status effects
A: almost no armour, amphibious, 8 rings, camouflage 1, gelatinous body 1,
(nimble swimmer 1), tentacles
a: no special abilities


You were on level 3 of the Dungeon.
You visited 1 branch of the dungeon, and saw 3 of its levels.

You collected 74 gold pieces.

Inventory:

Jewellery
 d - an amulet of reflection (around mantle)
Scrolls
 a - 2 scrolls of fog {unknown}
 c - a scroll of identify {unknown}
 e - a scroll of fear {unknown}


   Skills:
 - Level 2.0 Dodging
 - Level 2.6 Stealth
 + Level 2.1 Spellcasting
 + Level 0.6 Conjurations
 - Level 1.0 Transmutations
 + Level 5.2 Earth Magic


You had 3 spell levels left.
You knew the following spells:

 Your Spells              Type           Power      Damage    Failure   Level
a - Sandblast             Erth           40%        2d10      2%          1
b - Stone Arrow           Conj/Erth      24%        3d8       16%         3

Your spell library contained the following spells:

 Spells                   Type           Power      Damage    Failure   Level
 Passwall                 Tmut/Erth      10%        N/A       8%          2
 Petrify                  Tmut/Erth      13%        N/A       45%         4
 Lee's Rapid Deconstruct  Erth           10%        3d9*      52%         5


Dungeon Overview and Level Annotations

Branches:
Dungeon (3/15)

Altars:
Cheibriados
Makhleb
Yredelemnul

Shops:
D:1 *


Innate Abilities, Weirdness & Mutations

You cannot wear most types of armour.
You are amphibious.
You can wear up to eight rings at the same time.
Your skin changes colour to match your surroundings (Stealth+).
Your rubbery body absorbs attacks. (AC +1, EV +1)
((You are camouflaged near water. (Stealth+)))
You have tentacles for arms and can constrict up to eight enemies at once.


Message History

You see here a dart slug corpse.
A bullfrog zombie is nearby!
A bullfrog zombie is nearby!
A bullfrog zombie is nearby!
Casting: Stone Arrow (quite dangerous; 16% risk of failure)
Confirm with . or Enter, or press ? or * to list all spells.
The spell is quite dangerous to cast (16% risk of failure)!
Continue anyway?
Aiming: Stone Arrow (quite dangerous; 16% risk of failure)
Press: ? - help, Shift-Dir - straight line, f - bullfrog zombie
Aim: a bullfrog zombie (wandering, hasn't noticed you, 19% to evade)
The stone arrow hits the bullfrog zombie!
The bullfrog zombie is moderately damaged.
Casting: Stone Arrow (quite dangerous; 16% risk of failure)
Confirm with . or Enter, or press ? or * to list all spells.
The spell is quite dangerous to cast (16% risk of failure)!
Continue anyway?
Uppercase [Y]es or [N]o only, please.
The spell is quite dangerous to cast (16% risk of failure)!
Continue anyway?
Aiming: Stone Arrow (quite dangerous; 16% risk of failure)
Press: ? - help, Shift-Dir - straight line, f/p - bullfrog zombie
Aim: a bullfrog zombie (moderately damaged, 19% to evade)
The stone arrow hits the bullfrog zombie!
The bullfrog zombie is severely damaged.
* * * LOW MAGIC WARNING * * *
The bullfrog zombie completely misses you.
You tentacle-slap the bullfrog zombie. Your grab misses the bullfrog zombie.
The bullfrog zombie is severely damaged.
The bullfrog zombie hits you. x2
You tentacle-slap the bullfrog zombie. You grab the bullfrog zombie.
The bullfrog zombie is severely damaged.
You constrict the bullfrog zombie. The bullfrog zombie hits you.
* * * LOW HITPOINT WARNING * * *
You tentacle-slap the bullfrog zombie.
The bullfrog zombie is almost destroyed.
You constrict the bullfrog zombie. The bullfrog zombie closely misses you.
You tentacle-slap the bullfrog zombie but do no damage.
The bullfrog zombie is almost destroyed.
You constrict the bullfrog zombie. The bullfrog zombie hits you.
* * * LOW HITPOINT WARNING * * *
The bullfrog zombie hits you!
You die...

▒······▒· ▒······· ·▒
▒·[····▒▒· ··▒▒ ▒····· ···
···▒▒ ·· ▒····▒▒▒▒·▒▒▒▒···
··▒▒····▒▒··Z··▒▒··
▒·▒▒····▒·······▒·▒
▒·▒▒·@Z·▒·······▒·▒
▒·······$···_·····▒
▒·▒▒▒†··▒·······▒·▒
▒·▒·····▒·····o·▒·▒
▒···▒▒··▒▒·····▒▒·▒
▒▒▒▒▒▒▒▒▒▒··▒▒▒··▒▒▒▒·▒▒▒▒o▒
▒···÷···)··▒▒▒▒······÷÷····▒
▒······▒▒▒·▒ ▒········▒▒·▒g▒
▒·<····▒ ▒·▒ ▒[·······▒▒···▒


You could see a bullfrog zombie.

Vanquished Creatures
  An adder (D:2)
  2 worms (D:2)
  3 dart slugs
  5 orcs
  7 ball pythons
  2 bats (D:1)
  A bat zombie (D:2)
  6 endoplasms
  2 giant cockroaches (D:1)
  5 goblins
  5 hobgoblins
  8 jackals
  4 quokkas
  A ball python zombie (D:2)
  A frilled lizard (D:1)
  11 kobolds
  2 rats
66 creatures vanquished.

Notes
Turn   | Place    | Note
-------+----------+-------------------------------------------
     0 | D:1      | Azzok the Octopode Earth Elementalist began the quest for
                  | the Orb.
     0 | D:1      | Reached XP level 1. HP: 11/11 MP: 3/3
   332 | D:1      | Reached XP level 2. HP: 17/17 MP: 1/5
   679 | D:1      | Found Bont's General Store.
   764 | D:1      | Reached skill level 4 in Earth Magic
   817 | D:1      | Reached XP level 3. HP: 21/21 MP: 3/6
   993 | D:1      | You fall into a shaft and drop 1 floor!
  1799 | D:2      | Reached XP level 4. HP: 27/27 MP: 3/7
  2048 | D:2      | Found a basalt altar of Yredelemnul.
  2065 | D:2      | Reached skill level 5 in Earth Magic
  2194 | D:2      | Found a burning altar of Makhleb.
  2194 | D:2      | Noticed an Executioner
  2432 | D:2      | Learned a level 3 spell: Stone Arrow
  2709 | D:3      | Found a snail-covered altar of Cheibriados.
  2993 | D:3      | Slain by a bullfrog zombie

Illustrated notes

Levels and vault maps discovered:
D:1:      lightli_arrival_quake, layout_loops_ring, serial_shops, shop_statue,
          grunt_decor_arrowhead
D:2:      layout_loops_ring, nicolae_yredelemnul_corpse_copse,
          makhleb_altar_promises_db
D:3:      layout_rooms, old_standard_altar, okawaru_metal_pillars_3,
          nicolae_overflow_crystal_walls

Skill      XL: |  1  2  3  4 |
---------------+-------------+-----
Earth Magic    | 4 5 |  5.2
Dodging        | |  2.0
Stealth        | |  2.6
Spellcasting   | |  2.1
Conjurations   | |  0.6
Transmutations | |  1.0

Action                   |  1- 3 |  4- 6 || total
-------------------------+-------+-------++-------
Melee: Unarmed           |    25 |    40 ||    65
       Constrict         |     5 |     7 ||    12
       Tentacles         |     1 |     6 ||     7
 Cast: Sandblast         |    49 |    27 ||    76
       Stone Arrow       |       |     4 ||     4
 Stab: Sleeping          |     3 |       ||     3
Armor: Skin              |     1 |     1 ||     2
Dodge: Dodged            |    24 |    18 ||    42
Block: Other             |       |     9 ||     9
       Reflection        |       |     1 ||     1

Table legend: (Time is in decaauts)
 A = Elapsed time spent in this place.
 B = Non-inter-level travel time spent in this place.
 C = Inter-level travel time spent in this place.
 D = Time resting spent in this place.
 E = Time spent auto-exploring this place.
 F = Levels seen in this place.
 G = Mean time per level.
                   A        B        C        D        E       F      G
               +--------+--------+--------+--------+--------+-----+--------+
         Total |   2996 |   2878 |    118 |      0 |   2434 |   3 |  998.7 |
       Dungeon |   2996 |   2878 |    118 |      0 |   2434 |   3 |  998.7 |
               +--------+--------+--------+--------+--------+-----+--------+

Top non-repeatable levels by time:
     D:1: 1368 daAuts
     D:2: 1282 daAuts
     D:3: 345 daAuts
